 Dungeon Crawl Stone Soup version 0.32-a0-630-g46d191b0ed (webtiles) character file.

Game seed: 1863707317772359119

389 ezpacito the Trooper (level 6, -8/72 HPs)
             Began as a Coglin Chaos Knight on Mar 6, 2024.
             Was a Plaything of Xom.
             Killed by an exploding butterfly (11 damage)
             ... ignited by their inner flame
             ... on level 4 of the Dungeon.
             The game lasted 00:05:28 (2682 turns).

ezpacito the Trooper (Coglin Chaos Knight)          Turns: 2682, Time: 00:05:28

Health: -8/72      AC: 23    Str: 14    XL:     6   Next: 79%
Magic:  7/7        EV:  2    Int: 12    God:    Xom [.*....]
Gold:   150        SH:  0    Dex: 13    Spells: 7/7 levels left

rFire   + . .        a - +1 hand axe (chaos) {Hidetaka}
rCold   + . .        h - +1 whip (vamp) {Tiberius}
rNeg    . . .        b - melded +3 leather armour
rPois   +            (helmet currently unavailable)
rElec   +            (cloak currently unavailable)
rCorr   +            (gloves currently unavailable)
SInv    .            (boots currently unavailable)
Will    .....        (no amulet)
Stlth   ++           (no ring)
HPRegen 0.32/turn    (no ring)
MPRegen 0.10/turn    (no gizmo)

%: no passive effects
@: lethally poisoned (-8 -> -16), tree-form, resistant, attractive, revved
A: stationary, stasis, torment immunity, boosted hp, off-hand wielding, slow
wielding, warmup strikes, (no jewellery)
a: Invent Gizmo, Renounce Religion


You were on level 4 of the Dungeon.
You worshipped Xom.
You were a plaything of Xom.
You were a tree.
You visited 1 branch of the dungeon, and saw 4 of its levels.

You collected 170 gold pieces.
You spent 20 gold pieces at shops.

Inventory:

Hand Weapons
 a - a +1 hand axe of chaos (weapon) {Hidetaka}
 h - a +1 vampiric whip (offhand) {Tiberius}
 j - a +0 spear
Missiles
 d - 6 atropa-tipped darts (quivered)
 o - 6 boomerangs
 x - 5 poisoned darts
Armour
 b - a +3 leather armour (melded)
 p - a +0 scale mail
 u - a +1 leather armour of poison resistance
Magical Staves
 e - a staff of earth
Talismans
 s - a serpent talisman
Scrolls
 f - a scroll of revelation {unknown}
 i - a scroll of enchant weapon
 l - a scroll of enchant armour
Potions
 v - 2 potions of mutation
 w - a potion of brilliance


   Skills:
 * Level 4.1 Fighting
 * Level 4.1(4.3) Axes
 + Level 1.4(2.7) Polearms
 * Level 3.1 Armour
 * Level 2.6 Dodging
 + Level 1.4 Stealth
 + Level 1.2 Spellcasting


You had 7 spell levels left.
You didn't know any spells.
Your spell library contained the following spells:

 Spells                   Type           Power      Damage    Failure   Level
 Apportation              Tloc           0%         N/A       30%         1
 Jinxbite                 Hex            0%         N/A       41%         2
 Dazzling Flash           Conj/Hex       0%         N/A       65%         3
 Mephitic Cloud           Conj/Alch/Air  0%         N/A       65%         3
 Vhi's Electric Charge    Tloc/Air       0%         N/A       96%         4
 Alistair's Intoxication  Alch           0%         N/A       100%        5
 Arcjolt                  Conj/Air       0%         1d10      100%        5
 Curse of Agony           Necr           0%         N/A       100%        5
 Silence                  Hex/Air        0%         N/A       100%        5
 Maxwell's Capacitive Co  Air            0%         ∞         100%        8


Dungeon Overview and Level Annotations

Branches:
Dungeon (4/15)
 Temple: D:4-7

Altars:
Xom
Beogh

Shops:
D:3 *

Annotations:
D:4 Duvessa


Innate Abilities, Weirdness & Mutations

You are a tree.
Your roots penetrate the ground, keeping you stationary.
You cannot be teleported.
You are immune to unholy pain and torment.
Your maximum health is greatly increased.
Your equipment is partially melded.
You can wield a second weapon in your off-hand.
It takes a long time for you to wield or remove held weapons.
Your first few attacks do less damage.
((You cannot equip rings or amulets.))


Message History

You take 2 damage, and have 12/72 hp.
As you read the scroll labelled GEBYRE ONIE, it crumbles to dust.
The creatures around you are filled with an inner flame!
It was a scroll of immolation.
* * * LOW HITPOINT WARNING * * *
You feel very sick.
Duvessa zaps a wand.
The puff of flame hits you but does no damage.
Dowan closely misses your butterfly. The scorpion stings you.
* * * LOW HITPOINT WARNING * * *
Duvessa hits you but does no damage. Dowan is attracted toward you.
You take 8 damage, and have 4/72 hp.
As you read the scroll labelled QOYGAH KABIMO, it crumbles to dust.
You assume a fearsome visage.
Duvessa looks frightened!
Dowan looks frightened!
The bombardier beetle looks frightened!
The scorpion looks frightened!
It was a scroll of fear.
* * * LOW HITPOINT WARNING * * *
You feel sick.
Duvessa screams, "No!
How DARE you!"
Duvessa goes berserk!
Dowan explodes!
The fiery explosion engulfs your butterfly!!
Your butterfly disappears in a burst of colours!
The fiery explosion engulfs your butterfly!!
Your butterfly disappears in a burst of colours!
The fiery explosion engulfs your butterfly!!!
Your butterfly disappears in a burst of colours!
Your butterfly explodes!
The fiery explosion engulfs your butterfly!!
Your butterfly disappears in a burst of colours!
The fiery explosion engulfs your butterfly!!
Your butterfly disappears in a burst of colours!
The fiery explosion engulfs your butterfly!!
You kill your butterfly!
Your butterfly disappears in a burst of colours!
Your butterfly explodes! x3
The fiery explosion engulfs you! You resist.
Xom roars with laughter!
You die...
Xom snickers! #.......... #..b....... #..b....... #..bbbb.bb. #..bbbbb.b.

#bb.bbb...$ ##.Bbbb....
.##.....# ##es.b.#..
#.#.....########♣#..##
...............§§#..#
........#######§§#..##.#
........# ##§§§......
........######.§§...)#.
.............>§§#§.###
.........###....#....#..
....(..#........##.#.#..
..†..............#.#....


You could see Duvessa (berserk, fast, inner flame, ally target), a scorpion
(inner flame, fleeing, ally target) and a bombardier beetle (inner flame,
fleeing, ally target).

Vanquished Creatures
  Sigmund (D:2)
  A scorpion (D:3)
  Dowan (D:4)
  A jelly (D:4)
  4 gnolls (D:3)
  4 adders
  A dart slug (D:1)
  3 ribbon worms
  4 endoplasms
  2 giant cockroaches (D:1)
  4 goblins
  4 hobgoblins
  7 jackals
  3 quokkas
  7 ball pythons
  5 bats
  2 frilled lizards (D:3)
  4 kobolds
  11 rats
69 creatures vanquished.

Vanquished Creatures (collateral kills)
  A hobgoblin (D:4)
1 creature vanquished.

Grand Total: 70 creatures vanquished

Notes
Turn   | Place    | Note
-------+----------+-------------------------------------------
     0 | D:1      | ezpacito the Coglin Chaos Knight began the quest for the
                  | Orb.
     0 | D:1      | Reached XP level 1. HP: 18/18 MP: 1/1
   162 | D:1      | XOM: divination: detect items
   266 | D:1      | Reached skill level 1 in Dodging
   266 | D:1      | Reached XP level 2. HP: 24/24 MP: 2/2
   369 | D:1      | XOM: divination: detect creatures
   413 | D:1      | Found a roughly hewn altar of Beogh.
   842 | D:1      | Found a faded altar of an unknown god.
   851 | D:1      | XOM: divination: detect items
   907 | D:2      | Reached XP level 3. HP: 27/29 MP: 3/3
   933 | D:2      | Noticed Sigmund
   947 | D:2      | Killed Sigmund
   948 | D:2      | Reached skill level 1 in Polearms
   948 | D:2      | Reached skill level 1 in Stealth
   948 | D:2      | Reached XP level 4. HP: 30/37 MP: 3/5
   948 | D:2      | Reached XP level 5. HP: 34/42 MP: 3/6
  1445 | D:2      | XOM: noise
  1601 | D:3      | Reached skill level 1 in Spellcasting
  1603 | D:3      | Reached XP level 6. HP: 42/48 MP: 7/7
  1628 | D:3      | XOM: noise
  1678 | D:3      | Found Efah's Assorted Antiques.
  1699 | D:3      | Bought a scroll labelled DEVEFODEIH for 20 gold pieces
  2544 | D:4      | Found a shimmering altar of Xom.
  2597 | D:4      | XOM: summons friendly ufetubus
  2656 | D:4      | Noticed Dowan
  2657 | D:4      | Noticed Duvessa
  2662 | D:4      | XOM: enchant monster (bad)
  2666 | D:4      | XOM: smoke on damage
  2680 | D:4      | Acquired 1079 gold pieces
  2682 | D:4      | HP: 3/72 [poisoned by a scorpion]
  2682 | D:4      | Killed Dowan
  2682 | D:4      | Killed by an exploding butterfly... ignited by their inner
                  | flame

Illustrated notes

Levels and vault maps discovered:
D:1:      minmay_arrival_solitary_statue, layout_loops_corners,
          hellmonk_ecumenical_altar_defaced_shrine, minivault_23
D:2:      layout_loops_ring, minmay_misc_feat_square, uniq_sigmund
D:3:      layout_basic, serial_shops, nicolae_shop_crystal
D:4:      layout_rooms, mainiacjoe_overflow_concentric_impassable,
          nicolae_shop_fire_sale [nicolae_sub_dead_trees],
          minmay_misc_feat_tiny, nicolae_shop_self_help, uniq_duvessa

Skill      XL: |  1  2  3  4  5  6 |
---------------+-------------------+-----
Dodging        | 1 2 |  2.6
Armour         | 2 3 |  3.1
Polearms       | 1 |  1.4
Stealth        | 1 |  1.4
Spellcasting   | 1 |  1.2
Fighting       | 4 |  4.1
Axes           | 4 |  4.1

Action                     |  1- 3 |  4- 6 || total
---------------------------+-------+-------++-------
  Melee: Hand axe          |    53 |    95 ||   148
         Dagger            |    46 |     7 ||    53
         Whip              |       |    79 ||    79
    Use: Scroll            |     3 |     7 ||    10
         Potion            |       |     6 ||     6
   Stab: Confused          |     3 |       ||     3
         Sleeping          |     1 |     2 ||     3
         Petrifying        |       |     1 ||     1
         Invisible         |       |     5 ||     5
 Armour: Leather armour    |    25 |    56 ||    81
         Skin              |       |    24 ||    24
  Dodge: Dodged            |    29 |    55 ||    84

Table legend: (Time is in decaauts)
 A = Elapsed time spent in this place.
 B = Non-inter-level travel time spent in this place.
 C = Inter-level travel time spent in this place.
 D = Time resting spent in this place.
 E = Time spent auto-exploring this place.
 F = Levels seen in this place.
 G = Mean time per level.
                   A        B        C        D        E       F      G
               +--------+--------+--------+--------+--------+-----+--------+
         Total |   2690 |   2569 |    121 |      0 |   2050 |   4 |  672.5 |
       Dungeon |   2690 |   2569 |    121 |      0 |   2050 |   4 |  672.5 |
               +--------+--------+--------+--------+--------+-----+--------+

Top non-repeatable levels by time:
     D:1: 904 daAuts
     D:3: 901 daAuts
     D:2: 693 daAuts
     D:4: 191 daAuts
